 Dungeon Crawl Stone Soup version 0.22-a0-113-gdd6f4a9 (console) character file.

494613 nht the Sniper (level 25, -3/211 (213) HPs)
             Began as a Barachi Hunter on Jan 28, 2018.
             Was the Champion of Okawaru.
             Slain by Mennas
             ... wielding a +1 sacred scourge of holy wrath
              (17 damage)
             ... on level 3 of the Depths.
             The game lasted 01:46:25 (43604 turns).

nht the Sniper (Barachi Hunter)                    Turns: 43604, Time: 01:46:26

HP:   -3/211 (213)  AC: 30    Str: 24    XL:     25   Next: 10%
MP:   29/32         EV: 27    Int: 21    God:    Okawaru [******]
Gold: 2250          SH:  0    Dex: 13    Spells: 24/24 levels left

rFire    + + .     SeeInvis +   b - +7 arbalest "Qeyz" {penet, rPois Int+3}
rCold    + + .     Gourm    .   (shield currently unavailable)
rNeg     + . .     Faith    .   s - +9 scale mail of Purpose {+Inv rN+ Str+3}
rPois    +         Spirit   .   W - +2 helmet {SInv}
rElec    .         Reflect  .   H - scarf {repulsion}
rCorr    .         Harm     .   R - +2 pair of gloves {archery}
MR       +....                  n - +0 pair of boots
Stlth    ..........             q - amulet of regeneration
HPRegen  0.85/turn              I - ring of Phasing {EV+8}
MPRegen  0.23/turn              X - ring "Qyezueh" {rF++ rC++ Str-2 Int+4}

@: finesse, glowing, silenced, repel missiles, slow
A: +LOS, swims, slowness 1, strong legs 2
}: 2/15 runes: serpentine, barnacled
a: Hop, Renounce Religion, Evoke Invisibility


You were on level 3 of the Depths.
You worshipped Okawaru.
Okawaru was exalted by your worship.
You were not hungry.

You visited 9 branches of the dungeon, and saw 42 of its levels.
You visited the Abyss 2 times.
You visited 2 bazaars.
You also visited: Volcano.

You collected 5710 gold pieces.
You spent 3460 gold pieces at shops.

Inventory:

Hand Weapons
 a - a +7 triple crossbow of flaming
 b - the +7 arbalest "Qeyz" (weapon) {penet, rPois Int+3}
   (You found it on level 8 of the Dungeon)

   Ammo fired by it will pass through the targets it hits, potentially hitting
   all targets in its path until it reaches maximum range.
   It affects your intelligence (+3).
   It protects you from poison.
 B - the +8 arbalest of Egud {elec, rPois}
   (Okawaru gifted it to you on level 3 of the Lair of Beasts)

   It charges the ammunition it shoots with electricity; occasionally upon a
   hit, such missiles may discharge and cause terrible harm.
   It protects you from poison.
Missiles
 d - 1100 bolts (quivered)
Armour
 n - a +0 pair of boots (worn)
 s - the +9 scale mail of Purpose (worn) {+Inv rN+ Str+3}
   (You found it on level 3 of the Elven Halls)

   It affects your strength (+3).
   It protects you from negative energy.
   It lets you turn invisible.
 v - the +2 faerie dragon scales {rPois rC+ MR- rCorr Str+4, unknown}
   (You took it off the Enchantress on level 2 of the Depths)

   It affects your strength (+4).
   It protects you from cold.
   It protects you from poison.
   It affects your resistance to hostile enchantments.
   It protects you from acid and corrosion.
 H - a scarf of repulsion (worn)
 M - a scarf of resistance
 R - a +2 pair of gloves of archery (worn)
 V - the +1 pair of gloves of a bailey {rCorr MP+9 Dex-5}
   (You found it on level 11 of the Dungeon)

   It affects your dexterity (-5).
   It affects your magic capacity (+9).
   It protects you from acid and corrosion.
 W - a +2 helmet of see invisible (worn)
 Y - a scarf of cloud immunity
Jewellery
 i - the ring "Jacwa Alaf" {rCorr +Blink}
   (You acquired it on level 2 of the Snake Pit)

   [ring of resist corrosion]

   It lets you blink.
 q - an amulet of regeneration (around neck)
 I - the ring of Phasing (left hand) {EV+8}
   (You acquired it on level 9 of the Dungeon)

   [ring of evasion]

   It affects your evasion (+8).
 J - an uncursed ring of protection from magic
 S - the ring of Impatience {+Fly rElec Str+2 Int+2}
   (You acquired it on level 2 of the Snake Pit)

   [ring of flight]

   It affects your strength (+2).
   It affects your intelligence (+2).
   It insulates you from electricity.
   It lets you fly.
 X - the ring "Qyezueh" (right hand) {rF++ rC++ Str-2 Int+4}
   (You bought it in a shop in a bazaar)

   [ring of intelligence]

   It affects your strength (-2).
   It affects your intelligence (+4).
   It greatly protects you from fire.
   It greatly protects you from cold.
Wands
 g - a wand of clouds (13)
 m - a wand of digging (17)
 t - a wand of disintegration (44)
 u - a wand of acid (16)
 K - a wand of paralysis (66)
Scrolls
 e - 7 scrolls of enchant armour
 r - 23 scrolls of teleportation
 y - 24 scrolls of remove curse
 A - 13 scrolls of magic mapping
 C - a scroll of holy word
 E - 6 scrolls of immolation
 Q - 7 scrolls of fog
 T - 4 scrolls of blinking
 U - a scroll of silence
Potions
 c - 4 potions of mutation
 h - 5 potions of curing
 k - 6 potions of haste
 l - 6 potions of heal wounds
 o - 4 potions of cancellation
 x - 2 potions of resistance
 z - 9 potions of agility
 D - 3 potions of flight
 F - a potion of ambrosia
 L - 5 potions of invisibility
 O - 4 potions of might
Miscellaneous
 j - a fan of gales
 w - 5 sacks of spiders
 G - a box of beasts
 N - a lightning rod (4/4)
 P - a lamp of fire
 Z - 3 phantom mirrors
Comestibles
 f - 99 rations
 p - 4 chunks of flesh


   Skills:
 + Level 20.9 Fighting
 - Level 26.0 Crossbows
 + Level 21.0 Armour
 + Level 15.8 Dodging
 - Level 0.8 Stealth
 - Level 12.0 Invocations
 - Level 10.0 Evocations


You had 24 spell levels left.
You didn't know any spells.

Dungeon Overview and Level Annotations

Branches:
Dungeon (15/15)            Temple (1/1) D:6            Lair (6/6) D:8
 Shoals (4/4) Lair:3        Snake (4/4) Lair:4        Slime (0/5) Lair:5
    Orc (2/2) D:12            Elf (3/3) Orc:2        Vaults (4/5) D:14
  Crypt (0/3) Vaults:3     Depths (3/5) D:15

Altars:
Ashenzari
Cheibriados
Dithmenos
Elyvilon
Fedhas
Gozag
Hepliaklqana
Kikubaaqudgha
Makhleb
Nemelex Xobeh
Okawaru
Qazlal
Ru
Sif Muna
Trog
Uskayaw
Vehumet
Wu Jian
Xom
Yredelemnul
Zin
The Shining One
Beogh
Jiyva

Shops:
D:8 ?   D:15 %   Orc:1 :%?   Orc:2 [%(}   Elf:1 %   Elf:2 =   Elf:3 ?:?*
Shoals:3 (   Snake:3 }?

Portals:
Hell: Depths:1 Depths:2
Trove: Vaults:1 (give +5 ice dragon scales)

Annotations:
Depths:3 Mennas


Innate Abilities, Weirdness & Mutations

Shadows flee at your approach. (+LOS)
You can swim through water.
You cover ground slowly.
You can hop long distances.


Message History

Mennas is severely wounded.
The bolt pierces through the ice dragon!!
The ice dragon is moderately wounded.
Mennas hits you but does no damage. Mennas barely misses you.
Firing (i - inventory):
d - 1101 bolts (quivered)
Press: ? - help, Shift-Dir - straight line, f/p - Mennas
Aim: Mennas, wielding a sacred scourge of holy wrath and wearing a large shield (silenced, severely wounded, unusually strong, radiating silence, haloed)
Okay, then.
You see here a runed arbalest {god gift}.
Mennas completely misses you.
Mennas hits you with a sacred scourge of holy wrath!!
* * * LOW HITPOINT WARNING * * *
Firing (i - inventory):
d - 1101 bolts (quivered)
Press: ? - help, Shift-Dir - straight line, f/p - Mennas
Aim: Mennas, wielding a sacred scourge of holy wrath and wearing a large shield (silenced, severely wounded, unusually strong, radiating silence, haloed)
You shoot a bolt. The bolt completely misses Mennas.
Mennas hits you with a sacred scourge of holy wrath!!!
* * * LOW HITPOINT WARNING * * *
Mennas hits you with a sacred scourge of holy wrath!
You die...

. ... .███... ......
.... ██ █(.█ ..
████((███████.█
█(.█()█..█..█.█
█.)..[...█....██
█((DA..███....█
█..((()███@........█
█.....(.
█...†....█.█
█..█.c█.
█..█.......█ ██
█..██ ████.......██
█. █..█.....)..█ . .
█......[≈..██ . ..
██.....≈≈<(.█ █ ..
.......≈≈≈≈.██ █
.....§.§§§..██ █
.█....≈.≈.§..
█....§≈≈.....


You could see Mennas and an ice dragon.

Vanquished Creatures
  Xtahua (Vaults:4)
  A golden dragon (Vaults:4)
  the Enchantress (Depths:2)
  Jorgrun (Shoals:3)
  A lich (Abyss:2)
  A Brimstone Fiend (Depths:1)
  The ghost of CcS the Crack Shot, an adept CeHu of Okawaru (Shoals:4)
  An Ice Fiend (Depths:1)
  2 tentacled monstrosities
  3 deep elf blademasters
  3 deep elf master archers (Elf:3)
  3 titans (Vaults:4)
  3 sphinxes
  Polyphemus (Shoals:3)
  2 storm dragons
  3 tengu reavers (Vaults:4)
  Ilsuiw (Shoals:4)
  2 shadow dragons (Vaults:4)
  24 nagarajas
  11 deep elf sorcerers
  10 vault wardens
  2 balrugs (Depths:1)
  2 frost giants
  A fire giant (Depths:3)
  2 orc warlords
  3 deep elf elementalists (Elf:3)
  A ghoul (D:14)
  The ghost of mhoghedin the Nimble, a journeyman HaHu of Fedhas (D:13)
  6 caustic shrike skeletons (Depths:2)
  15 ironheart preservers
  5 spriggan defenders (Depths:2)
  2 very ugly things (Depths:1)
  An entropy weaver (Vaults:3)
  A vampire knight (Vaults:4)
  11 stone giants
  4 deep elf demonologists
  12 deep elf annihilators
  A purple draconian (Abyss:2)
  2 spark wasps (Depths:3)
  A dire elephant (Depths:2)
  4 deep elf death magi
  A green death (Abyss:2)
  2 blizzard demons (Depths:1)
  Snorg (Lair:3)
  A jiangshi (Vaults:3)
  5 merfolk impalers
  4 ettins
  2 fire dragons
  Fannar (Lair:2)
  6 merfolk javelineers
  8 yaktaur captains
  5 great orbs of eyes
  5 deep elf high priests
  The ghost of CcS the Severer, a journeyman MiGl of Uskayaw (D:11)
  7 rakshasas
  20 naga warriors
  4 ice dragons
  10 hydras
  7 merfolk aquamancers (Shoals:4)
  Erica (D:9)
  18 vault guards
  Harold (Lair:2)
  4 spriggan air magi (Depths:2)
  2 catoblepae
  4 merfolk avatars
  14 centaur warriors
  50 two-headed ogres
  27 dancing weapons
  3 death knights
  12 ogre magi
  A two-headed ogre (shapeshifter) (Depths:2)
  3 satyrs
  A satyr (shapeshifter) (Depths:2)
  13 anacondas
  9 death yaks
  3 deep troll earth magi (Depths:1)
  A vampire mage (Depths:1)
  6 shock serpents
  4 deep troll shamans
  5 tengu warriors
  5 orc high priests
  6 spriggan berserkers
  7 sun demons
  2 thrashing horrors (Abyss:2)
  18 naga sharpshooters
  30 deep elf knights
  Sonja (Lair:2)
  2 hell knights (Depths:2)
  7 skeletal warriors
  14 sea snakes
  A death drake (shapeshifter) (Depths:3)
  15 deep trolls
  A shadow wraith (Vaults:4)
  7 spriggan druids (Depths:2)
  2 wretched stars (Abyss:2)
  A sea snake (shapeshifter) (Depths:3)
  A flayed ghost (D:11)
  13 ironbrand convokers
  3 unseen horrors
  A glowing orange brain (Vaults:2)
  13 deep elf archers
  8 naga ritualists
  A swamp dragon (Vaults:4)
  8 wizards
  Pikel (D:8)
  A lindwurm (shapeshifter) (Elf:1)
  4 phantasmal warriors
  4 starcursed masses (Abyss:2)
  A shadow dragon zombie (Abyss:2)
  36 ugly things
  A harpy (shapeshifter) (Vaults:4)
  A necromancer (Vaults:3)
  73 deep elf magi
  14 harpies
  An oklob plant (Shoals:2)
  14 orc knights
  4 mana vipers
  6 salamanders
  15 fauns
  24 manticores
  A wolf spider (Vaults:2)
  A worldbinder (Abyss:2)
  Maurice (D:11)
  A salamander (shapeshifter) (Vaults:1)
  4 orc sorcerers
  A fire giant zombie (Vaults:3)
  11 merfolk sirens
  5 centaur zombies
  10 cyclopes
  6 elephants (Lair:2)
  A manticore (shapeshifter) (Depths:1)
  33 black mambas
  Psyche (D:10)
  10 vault sentinels
  24 naga magi
  A centaur skeleton (D:12)
  2 molten gargoyles (Volcano)
  22 guardian serpents
  6 water nymphs
  A gargoyle (D:13)
  2 smoke demons (Abyss:2)
  24 spiny frogs
  2 kobold demonologists (D:13)
  5 komodo dragons
  An ancient zyme (Abyss:2)
  A yaktaur (shapeshifter) (Elf:1)
  27 yaktaurs
  6 ice devils (Depths:1)
  6 freezing wraiths
  2 red devils (Volcano)
  3 tengu conjurers
  A meliai (shapeshifter) (D:14)
  15 hornets
  9 trolls
  28 merfolk
  4 tyrant leeches (Lair:6)
  A polar bear (Lair:5)
  18 slime creatures
  18 blink frogs
  12 hippogriffs
  A raiju (shapeshifter) (D:11)
  3 wind drakes
  8 dream sheep
  3 raiju (Abyss:2)
  A stone giant simulacrum (Vaults:3)
  2 large abominations (Abyss:2)
  An ice dragon zombie (Abyss:2)
  3 human simulacra
  A meliai zombie (D:14)
  2 redbacks (Vaults:3)
  7 snapping turtles
  2 shadows
  A spriggan (shapeshifter) (Vaults:4)
  4 air elementals
  5 wraiths
  2 ynoxinuls (Abyss:2)
  41 spriggans (Depths:2)
  15 water elementals
  37 yaks
  A tarantella (Vaults:3)
  6 wyverns
  4 fire elementals
  4 golden eyes (Abyss:2)
  A neqoxec (Abyss:2)
  2 chaos spawn (Abyss:2)
  6 vampire mosquitoes (Lair:6)
  A basilisk (Lair:5)
  A spatial vortex (Abyss:2)
  A hungry ghost (D:10)
  53 nagas
  A soldier ant (shapeshifter) (Depths:3)
  4 wargs
  3 acid dragons
  8 water moccasins
  A floating eye (Vaults:4)
  A floating eye (shapeshifter) (Depths:3)
  A hell hound (Volcano)
  A water moccasin (shapeshifter) (Vaults:4)
  47 orc warriors
  6 porcupines
  A black bear (D:11)
  7 sky beasts
  6 ice beasts
  5 eyes of draining
  2 necrophages
  3 phantoms
  2 slaves (D:8)
  An ettin simulacrum (Vaults:3)
  31 ogres
  7 small abominations (Abyss:2)
  13 boggarts
  4 wolves (Lair:6)
  2 human zombies (Vaults:3)
  A tengu (shapeshifter) (Vaults:4)
  32 centaurs
  10 crocodiles
  4 big kobolds
  5 earth elementals
  28 bullfrogs
  A wyvern zombie (D:12)
  3 scorpions
  A wyvern skeleton (D:14)
  15 killer bees
  An elf simulacrum (Vaults:3)
  6 wights (D:11)
  4 howler monkeys
  2 electric eels
  A lava snake (Volcano)
  2 bullfrog zombies (D:13)
  4 crimson imps
  A quasit (Abyss:2)
  A hound (D:10)
  4 jellies
  4 bullfrog skeletons
  Crazy Yiuf (D:5)
  33 orc priests
  2 gnoll shamans
  2 iron imps (Abyss:2)
  7 iguanas
  16 worker ants
  Terence (D:3)
  29 orc wizards
  2 hound skeletons
  A mummy (D:14)
  A worker ant zombie (D:5)
  8 gnolls
  A howler monkey skeleton (D:4)
  25 adders
  3 shadow imps
  2 ufetubi (Abyss:2)
  An ooze (D:3)
  2 adder zombies
  An adder skeleton (D:4)
  A worm (D:2)
  4 dart slugs
  6 leopard geckos
  86 orcs
  2 ball pythons
  5 giant cockroaches (D:1)
  A goblin (D:1)
  8 hobgoblins
  19 jackals
  11 bats
  9 frilled lizards
  21 kobolds
  A quokka zombie (D:7)
  5 rats
  5 fungi
  A lurking horror (Abyss:2)
  6 plants
1954 creatures vanquished.

Vanquished Creatures (others)
  2 dancing weapons (Elf:1)
  A deep elf archer (Elf:3)
  A guardian serpent (Snake:4)
  2 golden eyes (Abyss:2)
  A naga (Snake:4)
  A slave (D:8)
  A leopard gecko skeleton (D:8)
  A bush (Depths:2)
  13 fungi
  25 plants
48 creatures vanquished.

Grand Total: 2002 creatures vanquished

Notes
Turn   | Place    | Note
-------+----------+-------------------------------------------
     0 | D:1      | nht the Barachi Hunter began the quest for the Orb.
     0 | D:1      | Reached XP level 1. HP: 17/17 MP: 1/1
    98 | D:1      | Reached XP level 2. HP: 23/23 MP: 2/2
   477 | D:1      | Reached XP level 3. HP: 26/28 MP: 3/3
   519 | D:1      | Reached skill level 5 in Crossbows
  1172 | D:3      | Reached XP level 4. HP: 25/34 MP: 4/4
  1486 | D:3      | Reached skill level 6 in Crossbows
  1571 | D:3      | Noticed Terence
  1575 | D:3      | Killed Terence
  1575 | D:3      | Reached XP level 5. HP: 38/39 MP: 5/5
  2140 | D:2      | Found a snail-covered altar of Cheibriados.
  2289 | D:4      | Noticed an orc warrior
  2361 | D:4      | Reached skill level 7 in Crossbows
  2447 | D:4      | Reached XP level 6. HP: 46/46 MP: 6/6
  2762 | D:4      | HP: 2/46 [poisoned by an orc wizard]
  2770 | D:4      | HP: 1/46 [poisoned by an orc wizard]
  3195 | D:4      | Reached skill level 8 in Crossbows
  3542 | D:4      | Killed an orc warrior
  3542 | D:4      | Reached XP level 7. HP: 30/51 MP: 7/7
  3791 | D:5      | Entered Level 5 of the Dungeon
  3802 | D:5      | Reached skill level 9 in Crossbows
  4042 | D:5      | Reached XP level 8. HP: 47/57 MP: 8/8
  4079 | D:5      | Reached skill level 10 in Crossbows
  4188 | D:5      | Reached skill level 1 in Armour
  4670 | D:5      | Found a runed door.
  4871 | D:5      | Noticed Crazy Yiuf
  4880 | D:5      | Killed Crazy Yiuf
  5093 | D:6      | Found a staircase to the Ecumenical Temple.
  5155 | Temple   | Entered the Ecumenical Temple
  5284 | Temple   | Became a worshipper of Warmaster Okawaru
  5615 | D:6      | Reached XP level 9. HP: 67/67 MP: 9/9
  5828 | D:7      | Reached skill level 5 in Fighting
  5899 | D:7      | Noticed a troll
  5909 | D:7      | Killed a troll
  5909 | D:7      | Reached * piety under Okawaru
  5909 | D:7      | Reached skill level 1 in Invocations
  5909 | D:7      | Reached skill level 1 in Evocations
  5974 | D:7      | Reached skill level 5 in Dodging
  6131 | D:7      | Got a warped whip
  6267 | D:8      | Noticed Pikel
  6316 | D:8      | Killed Pikel
  6316 | D:8      | Reached ** piety under Okawaru
  6316 | D:8      | Reached skill level 5 in Armour
  6350 | D:8      | Found Noconosh's Magic Scroll Shoppe.
  6377 | D:8      | Bought a scroll of magic mapping for 38 gold pieces
  6377 | D:8      | Bought a scroll of identify for 22 gold pieces
  6377 | D:8      | Bought a scroll of identify for 22 gold pieces
  6468 | D:8      | Identified the +10 whip of Quarrel {flame, -Tele Str+3 Int-4 Dex+5} (You found it on level 7 of the Dungeon)
  6487 | D:8      | Reached XP level 10. HP: 58/77 MP: 12/12
  6569 | D:8      | Found a staircase to the Lair.
  6691 | D:8      | Noticed a two-headed ogre
  6703 | D:8      | Killed a two-headed ogre
  6743 | D:8      | Got an ichor-stained arbalest
  6744 | D:8      | Identified the +7 arbalest "Qeyz" {penet, rPois Int+3} (You found it on level 8 of the Dungeon)
  7232 | D:9      | Noticed Erica
  7236 | D:9      | Killed Erica
  7236 | D:9      | Reached *** piety under Okawaru
  7247 | D:8      | Reached skill level 11 in Crossbows
  7562 | D:9      | Identified a scroll of acquirement
  7563 | D:9      | Found the ring of Phasing {EV+8}
  7839 | D:10     | Entered Level 10 of the Dungeon
  7916 | D:10     | Noticed Psyche
  7919 | D:10     | Killed Psyche
  7919 | D:10     | Reached **** piety under Okawaru
  8034 | D:10     | Received a gift from Okawaru
  8098 | D:10     | Reached skill level 12 in Crossbows
  8099 | D:10     | Reached XP level 11. HP: 84/84 MP: 14/14
  8347 | Lair:1   | Entered Level 1 of the Lair of Beasts
  8359 | Lair:1   | Received a gift from Okawaru
  8540 | Lair:1   | Noticed a four-headed hydra
  8549 | Lair:1   | Killed a four-headed hydra
  8549 | Lair:1   | Received a gift from Okawaru
  8549 | Lair:1   | Reached skill level 13 in Crossbows
  8778 | Lair:1   | Noticed a six-headed hydra
  8785 | Lair:1   | Killed a six-headed hydra
  9077 | Lair:2   | Noticed a six-headed hydra
  9082 | Lair:2   | Killed a six-headed hydra
  9082 | Lair:2   | Reached ***** piety under Okawaru
  9082 | Lair:2   | Reached skill level 14 in Crossbows
  9336 | Lair:2   | Reached XP level 12. HP: 91/91 MP: 15/15
  9342 | Lair:2   | Reached skill level 15 in Crossbows
  9344 | Lair:2   | Received a gift from Okawaru
  9463 | Lair:2   | Noticed Sonja
  9477 | Lair:2   | Killed Sonja
  9477 | Lair:2   | Received a gift from Okawaru
  9726 | Lair:2   | Noticed Fannar
  9737 | Lair:2   | Killed Fannar
  9737 | Lair:2   | Received a gift from Okawaru
  9749 | Lair:2   | Noticed Harold
  9760 | Lair:2   | Killed Harold
  9760 | Lair:2   | Reached skill level 16 in Crossbows
 10144 | Lair:3   | Received a gift from Okawaru
 10145 | Lair:3   | Got a brightly glowing arbalest {god gift}
 10146 | Lair:3   | Identified the +8 arbalest of Egud {elec, rPois} (Okawaru gifted it to you on level 3 of the Lair of Beasts)
 10343 | Lair:3   | Found a staircase to the Shoals.
 10454 | Lair:3   | Noticed Snorg
 10459 | Lair:3   | Killed Snorg
 10459 | Lair:3   | Reached ****** piety under Okawaru
 10540 | Lair:3   | Reached skill level 17 in Crossbows
 11098 | Lair:4   | Noticed a catoblepas
 11104 | Lair:4   | Killed a catoblepas
 11107 | Lair:4   | Found a staircase to the Snake Pit.
 11415 | Lair:4   | Gained mutation: You can hop long distances. [Barachi growth]
 11415 | Lair:4   | Reached XP level 13. HP: 96/96 MP: 16/16
 11889 | Lair:5   | Received a gift from Okawaru
 11889 | Lair:5   | Reached skill level 18 in Crossbows
 11958 | Lair:5   | Found a viscous altar of Jiyva.
 11958 | Lair:5   | Found a staircase to the Slime Pits.
 12255 | Lair:5   | Received a gift from Okawaru
 12477 | Lair:6   | Entered Level 6 of the Lair of Beasts
 12516 | Lair:6   | Reached skill level 5 in Evocations
 12524 | Lair:6   | Received a gift from Okawaru
 12753 | Lair:6   | Reached skill level 5 in Invocations
 12981 | Lair:6   | Reached XP level 14. HP: 106/106 MP: 18/18
 13202 | Lair:6   | Received a gift from Okawaru
 13224 | Lair:6   | Got a polished longbow
 13437 | Lair:6   | Received a gift from Okawaru
 14014 | D:10     | Identified the +7 longbow of Kismet {flame, rPois rC- rN+} (You found it on level 6 of the Lair of Beasts)
 14237 | D:11     | Noticed CcS's ghost (journeyman MiGl)
 14247 | D:11     | Killed CcS's ghost
 14440 | D:11     | Noticed a frost giant
 14452 | D:11     | Killed a frost giant
 14462 | D:11     | Noticed a sphinx
 14462 | D:11     | Noticed a storm dragon
 14717 | D:11     | Noticed Maurice
 14724 | D:11     | Killed Maurice
 14836 | D:11     | Killed a storm dragon
 14860 | D:11     | Killed a sphinx
 15060 | D:11     | Reached skill level 10 in Fighting
 15099 | D:11     | Got a smoking battleaxe
 15104 | D:11     | Got a pair of faintly glowing gloves
 15118 | D:11     | Identified the +1 pair of gloves of a bailey {rCorr MP+9 Dex-5} (You found it on level 11 of the Dungeon)
 15443 | D:12     | Received a gift from Okawaru
 15540 | D:12     | Received a gift from Okawaru
 15560 | D:12     | Reached skill level 10 in Armour
 15567 | D:12     | Got an encrusted hat {god gift}
 15579 | D:12     | Identified the +0 hat of Tenacity {Str+4 Dex+4} (Okawaru gifted it to you on level 12 of the Dungeon)
 15764 | D:12     | Found a blossoming altar of Fedhas.
 15792 | D:12     | Reached XP level 15. HP: 117/117 MP: 21/21
 15983 | D:12     | Found a staircase to the Orcish Mines.
 16156 | Orc:1    | Entered Level 1 of the Orcish Mines
 16247 | Orc:1    | Found Powogi's Food Shoppe.
 16344 | Orc:1    | Found Lefoh's Magic Scroll Boutique.
 16354 | Orc:1    | Bought a scroll of teleportation for 30 gold pieces
 16354 | Orc:1    | Bought a scroll of fog for 20 gold pieces
 16354 | Orc:1    | Identified the cursed +0 battleaxe of Pandemonium {vamp, rF+ Int+4} (You found it on level 11 of the Dungeon)
 16452 | Orc:2    | Entered Level 2 of the Orcish Mines
 16481 | Orc:2    | Found a dark tunnel.
 16502 | Volcano  | Entered a volcano
 16555 | Volcano  | Found a burning altar of Makhleb.
 16622 | Volcano  | Reached skill level 10 in Dodging
 16788 | Orc:2    | Found a staircase to the Elven Halls.
 16801 | Orc:1    | Found Duodau's Book Shop.
 16963 | Orc:2    | Found a roughly hewn altar of Beogh.
 17185 | Orc:2    | Found Ipotuetu's Food Shop.
 17185 | Orc:2    | Found Herupo's Gadget Boutique.
 17185 | Orc:2    | Found Ajumehez's Antique Weapon Boutique.
 17194 | Orc:2    | Found Hogoj's Antique Armour Shop.
 17229 | Orc:2    | Bought a distressingly furry helmet for 304 gold pieces
 17239 | Orc:2    | Identified the +0 helmet "Mimergh" {rN+} (You bought it in a shop on level 2 of the Orcish Mines)
 17618 | D:13     | Found a flickering gateway to a bazaar.
 17631 | Bazaar   | Entered a bazaar
 17643 | Bazaar   | Found Eneamoha's Food Shoppe.
 17644 | Bazaar   | Found Imamn's Gadget Shoppe.
 17679 | Bazaar   | Found Urchio's General Store.
 17680 | Bazaar   | Found Ywanoran's Distillery.
 17698 | Bazaar   | Bought 2 potions of agility for 112 gold pieces
 17710 | Bazaar   | Bought a potion of curing for 48 gold pieces
 17710 | Bazaar   | Bought a potion of might for 64 gold pieces
 17710 | Bazaar   | Bought a potion of heal wounds for 80 gold pieces
 17710 | Bazaar   | Bought a potion of curing for 48 gold pieces
 17710 | Bazaar   | Bought a potion of agility for 64 gold pieces
 17710 | Bazaar   | Bought a potion of haste for 160 gold pieces
 17710 | Bazaar   | Bought a potion of heal wounds for 80 gold pieces
 17710 | Bazaar   | Bought a potion of heal wounds for 80 gold pieces
 17731 | Bazaar   | Bought a sack of spiders for 180 gold pieces
 17731 | Bazaar   | Bought a box of beasts for 180 gold pieces
 17731 | Bazaar   | Bought a sack of spiders for 180 gold pieces
 18260 | D:13     | Noticed mhoghedin's ghost (journeyman HaHu)
 18268 | D:13     | Killed mhoghedin's ghost
 18567 | D:14     | Noticed a ghoul
 18575 | D:14     | Received a gift from Okawaru
 18582 | D:14     | Received a gift from Okawaru
 18584 | D:14     | Killed a ghoul
 18802 | D:14     | Reached skill level 10 in Evocations
 18956 | D:14     | Reached XP level 16. HP: 127/127 MP: 23/23
 18976 | D:14     | Received a gift from Okawaru
 19132 | D:14     | Found a gate to the Vaults.
 19228 | D:15     | Entered Level 15 of the Dungeon
 19412 | D:15     | Received a gift from Okawaru
 19554 | D:15     | Identified the +2 arbalest "Noibbeph" {freeze, rElec Str+4} (Okawaru gifted it to you on level 15 of the Dungeon)
 19645 | D:15     | Found a staircase to the Depths.
 19769 | D:15     | Found Ynaur's Food Shoppe.
 20144 | D:15     | Identified the +2 scale mail of Depression {rC+ Dex+4} (You found it on level 15 of the Dungeon)
 20409 | Snake:1  | Entered Level 1 of the Snake Pit
 20415 | Lair:4   | Received a gift from Okawaru
 20518 | Snake:1  | Received a gift from Okawaru
 21345 | Snake:2  | Found an ancient bone altar of Kikubaaqudgha.
 21401 | Snake:2  | Noticed a nagaraja
 21420 | Snake:2  | Killed a nagaraja
 21420 | Snake:2  | Received a gift from Okawaru
 21615 | Snake:2  | Got a clouded bone ring
 21616 | Snake:2  | Identified the ring "Jacwa Alaf" {rCorr +Blink} (You acquired it on level 2 of the Snake Pit)
 21622 | Snake:2  | Identified the ring of Impatience {+Fly rElec Str+2 Int+2} (You acquired it on level 2 of the Snake Pit)
 21626 | Snake:2  | Got a pitted ivory ring
 21627 | Snake:2  | Identified the ring of Fun {AC+3 Dex+6} (You acquired it on level 2 of the Snake Pit)
 21734 | Snake:2  | Reached XP level 17. HP: 138/138 MP: 24/24
 21825 | Snake:2  | Received a gift from Okawaru
 22974 | Snake:3  | Received a gift from Okawaru
 23142 | Snake:3  | Found Vyckynk Kaor's Magic Scroll Emporium.
 23142 | Snake:3  | Found Rusad's Gadget Shoppe.
 23151 | Snake:3  | Bought a scroll of teleportation for 36 gold pieces
 23151 | Snake:3  | Bought a scroll of teleportation for 36 gold pieces
 23151 | Snake:3  | Bought a scroll of fog for 24 gold pieces
 23151 | Snake:3  | Bought a scroll of fog for 24 gold pieces
 23655 | Snake:4  | Entered Level 4 of the Snake Pit
 23710 | Snake:4  | hi
 23825 | Snake:4  | Reached skill level 19 in Crossbows
 23844 | Snake:4  | Reached skill level 15 in Fighting
 23910 | Snake:4  | Reached XP level 18. HP: 142/149 MP: 25/25
 23919 | Snake:4  | Reached skill level 15 in Armour
 24087 | Snake:4  | Received a gift from Okawaru
 24195 | Snake:4  | Received a gift from Okawaru
 24204 | Snake:4  | Got a wizard robe {god gift}
 24208 | Snake:4  | Identified the +1 robe of Untruth {*Slow +Blink rF+ Slay+2} (Okawaru gifted it to you on level 4 of the Snake Pit)
 24686 | Snake:4  | Reached skill level 20 in Crossbows
 24777 | Snake:4  | Got a serpentine rune of Zot
 24964 | Snake:4  | Received a gift from Okawaru
 25182 | Shoals:1 | Entered Level 1 of the Shoals
 25325 | Shoals:1 | Found a flickering gateway to a bazaar.
 25330 | Shoals:1 | Received a gift from Okawaru
 25352 | Bazaar   | Entered a bazaar
 25352 | Bazaar   | Found Senipratui's Antique Weapon Shoppe.
 25352 | Bazaar   | Found Epiateu's Book Shoppe.
 25352 | Bazaar   | Found Jonnoq's Assorted Antiques.
 25353 | Bazaar   | Found Quhumate's Antique Weapon Shop.
 25353 | Bazaar   | Found Pyqexzef's Jewellery Emporium.
 25396 | Bazaar   | Bought the ring "Qyezueh" {rF++ rC++ Str-2 Int+4} for 712 gold pieces
 25406 | Bazaar   | Bought a scroll of teleportation for 78 gold pieces
 25406 | Bazaar   | Bought a shiny helmet for 195 gold pieces
 25406 | Bazaar   | Bought a potion of curing for 78 gold pieces
 25500 | Shoals:1 | Received a gift from Okawaru
 26078 | Shoals:2 | Reached XP level 19. HP: 145/157 MP: 26/26
 26087 | Shoals:2 | Found a deep blue altar of Sif Muna.
 26919 | Shoals:3 | Noticed Jorgrun
 26947 | Shoals:3 | Killed Jorgrun
 26947 | Shoals:3 | Received a gift from Okawaru
 26954 | Shoals:3 | Got a jewelled helmet {god gift}
 26965 | Shoals:3 | Identified the +2 helmet of the Dropbear {-Cast +Blink Dex+3 Stlth+} (Okawaru gifted it to you on level 3 of the Shoals)
 27085 | Shoals:3 | Noticed Polyphemus
 27095 | Shoals:3 | Killed Polyphemus
 27142 | Shoals:3 | Found Ohiehoex's Antique Weapon Emporium.
 27836 | Shoals:4 | Entered Level 4 of the Shoals
 28147 | Shoals:4 | Reached skill level 21 in Crossbows
 28199 | Shoals:4 | Found the +2 mace of Variability {chaos}
 28256 | Shoals:4 | Noticed Ilsuiw
 28267 | Shoals:4 | Killed Ilsuiw
 28281 | Shoals:4 | Noticed CcS's ghost (adept CeHu)
 28307 | Shoals:4 | Killed CcS's ghost
 28473 | Shoals:4 | Received a gift from Okawaru
 28613 | Shoals:4 | Got a barnacled rune of Zot
 28817 | Shoals:4 | Reached XP level 20. HP: 153/168 MP: 27/27
 29342 | Elf:1    | Entered Level 1 of the Elven Halls
 29677 | Elf:1    | Found Jyvom's Food Shop.
 30439 | Elf:1    | Identified the +4 leather armour "Wuleuritz" {Int+2} (You took it off a deep elf mage on level 1 of the Elven Halls)
 30457 | Elf:2    | Found a runed gate.
 30457 | Elf:2    | Found a runed gate.
 30465 | Elf:2    | Received a gift from Okawaru
 30485 | Elf:2    | Found a runed gate.
 30575 | Elf:2    | Found Lifukh's Jewellery Emporium.
 30724 | Elf:2    | Reached skill level 22 in Crossbows
 31229 | Elf:2    | Received a gift from Okawaru
 31619 | Elf:3    | Entered Level 3 of the Elven Halls
 31624 | Elf:3    | Found Gut Tyn's Magic Scroll Emporium.
 31633 | Elf:3    | Bought a scroll of teleportation for 33 gold pieces
 31633 | Elf:3    | Bought a scroll of magic mapping for 38 gold pieces
 31824 | Elf:3    | Received a gift from Okawaru
 31824 | Elf:3    | Reached XP level 21. HP: 82/178 MP: 13/28
 31942 | Elf:3    | Received a gift from Okawaru
 32153 | Elf:3    | Cast into level 2 of the Abyss (a deep elf sorcerer)
 32399 | Abyss:2  | Paralysed by a lich for 4 turns
 32419 | Abyss:2  | Found a basalt altar of Yredelemnul.
 32500 | Abyss:2  | Found a basalt altar of Yredelemnul.
 32659 | Abyss:2  | Received a gift from Okawaru
 32668 | Abyss:2  | Found a corrupted altar of Lugonu.
 32712 | Elf:3    | Escaped the Abyss
 32933 | Elf:3    | Received a gift from Okawaru
 33012 | Elf:3    | Received a gift from Okawaru
 33012 | Elf:3    | Reached skill level 23 in Crossbows
 33212 | Elf:3    | Found Cahac's Magic Scroll Shop.
 33215 | Elf:3    | Bought a scroll of blinking for 127 gold pieces
 33215 | Elf:3    | Bought a scroll of enchant weapon for 127 gold pieces
 33215 | Elf:3    | Bought a scroll of teleportation for 51 gold pieces
 33215 | Elf:3    | Bought a scroll of magic mapping for 59 gold pieces
 33249 | Elf:3    | Found Eriuhiss's General Store.
 33267 | Elf:3    | Bought a scroll of magic mapping for 70 gold pieces
 33267 | Elf:3    | Bought a scroll of teleportation for 60 gold pieces
 33578 | Elf:3    | Found Asotyso's Book Shop.
 33670 | Elf:3    | Identified the ring of Xom's Bemusement {+Blink rC- rN+ Int+3 Slay+5} (You took it off a deep elf elementalist on level 3 of the Elven Halls)
 33733 | Elf:3    | Identified the amulet of Qoso {+Rage rPois} (You took it off a deep elf annihilator on level 3 of the Elven Halls)
 33751 | Elf:3    | Cast into level 3 of the Abyss (a deep elf demonologist)
 33758 | Abyss:3  | Identified the cursed +1 chain mail of the Dice {rF+ MR- Int+2} (You found it on level 3 of the Abyss)
 33789 | Elf:3    | Escaped the Abyss
 33822 | Elf:3    | Identified the Papyrus of the Flying Oath
 33947 | Elf:3    | Identified the Handbook of Fire and Weightlessness
 33980 | Elf:3    | Identified the +9 scale mail of Purpose {+Inv rN+ Str+3} (You found it on level 3 of the Elven Halls)
 34149 | Vaults:1 | Entered Level 1 of the Vaults
 34593 | Vaults:1 | Received a gift from Okawaru
 34627 | Vaults:1 | Found a portal to a secret trove of treasure.
 34854 | Vaults:1 | Reached XP level 22. HP: 178/187 MP: 29/29
 34880 | Vaults:1 | Reached skill level 24 in Crossbows
 35246 | Vaults:1 | You fall through a shaft!
 35767 | Vaults:2 | Received a gift from Okawaru
 36158 | Vaults:2 | Received a gift from Okawaru
 36304 | Vaults:2 | Reached skill level 25 in Crossbows
 37231 | Vaults:3 | Received a gift from Okawaru
 37249 | Vaults:3 | Received a gift from Okawaru
 37264 | Vaults:3 | Reached XP level 23. HP: 150/194 MP: 30/30
 37266 | Vaults:3 | Received a gift from Okawaru
 37306 | Vaults:3 | Received a gift from Okawaru
 37533 | Vaults:3 | Found a staircase to the Crypt.
 37638 | Vaults:3 | Reached skill level 26 in Crossbows
 38339 | Vaults:4 | Noticed Xtahua
 38346 | Vaults:4 | Paralysed by Xtahua for 2 turns
 38349 | Vaults:4 | Killed Xtahua
 39505 | Vaults:4 | Reached skill level 10 in Invocations
 39598 | Vaults:4 | Noticed a golden dragon
 39603 | Vaults:4 | Killed a golden dragon
 39625 | Vaults:4 | Received a gift from Okawaru
 39980 | Vaults:4 | Identified the Guide on the Spatial Escort
 39987 | Vaults:4 | Identified the +1 scale mail "Rojie" {rElec Int+6} (You found it on level 4 of the Vaults)
 40251 | Depths:1 | Entered Level 1 of the Depths
 40260 | Depths:1 | Reached XP level 24. HP: 203/203 MP: 30/30
 40326 | Depths:1 | Paralysed by a great orb of eyes for 3 turns
 40563 | Depths:1 | Identified the amulet of the Hero {RegenMP Int+4} (You acquired it on level 1 of the Depths)
 40586 | Depths:1 | Received a gift from Okawaru
 40626 | Depths:1 | Found a gateway to Hell.
 40751 | Depths:1 | Found a runed gate.
 40751 | Depths:1 | Found a runed gate.
 40751 | Depths:1 | Found a runed gate.
 40752 | Depths:1 | Found the +2 Maxwell's thermic engine {flame, freeze, rF- rC-}
 40752 | Depths:1 | Found a runed gate.
 40752 | Depths:1 | Found a runed gate.
 40752 | Depths:1 | Found a runed gate.
 40874 | Depths:1 | Received a gift from Okawaru
 40882 | Depths:1 | Identified the +8 arbalest of the Past {elec, rPois Stlth+} (Okawaru gifted it to you on level 1 of the Depths)
 41669 | Depths:2 | Received a gift from Okawaru
 41673 | Depths:2 | Reached skill level 15 in Dodging
 41802 | Depths:2 | Noticed the Enchantress
 41838 | Depths:2 | Killed the Enchantress
 42356 | Depths:2 | Identified the Incunabulum of Virous Dislocation
 42476 | Depths:2 | Received a gift from Okawaru
 42801 | Depths:2 | Found a bloodstained altar of Trog.
 42919 | Depths:2 | Received a gift from Okawaru
 43113 | Depths:2 | Got faerie dragon scales
 43429 | Depths:2 | Reached XP level 25. HP: 166/211 MP: 31/31
 43575 | Depths:3 | Received a gift from Okawaru
 43588 | Depths:3 | Noticed Mennas
 43604 | Depths:3 | Slain by Mennas

Vault maps used:
D:1:      matt_arrival_diagonals, serial_glass, glass_columns_a,
          glass_columns_b, glass_columns_b, glass_columns_a, glass_columns_c,
          glass_columns_b
D:2:      minmay_door_path, kennysheep_slug_shrine
D:3:      uniq_terence
D:4:      first_ration
D:5:      grunt_decor_cap, fountainhead, uniq_crazy_yiuf_cottage
D:6:      kennysheep_six_static_rooms, minmay_temple_entry_statues,
          serial_curves, eino_curves_01, eino_curves_02
D:8:      grunt_lair_entry_orc_guard_hut, serial_shops, shop, uniq_pikel
D:9:      serial_glass, glass_columns_a, glass_columns_a, uniq_erica
D:10:     uniq_psyche
D:11:     minmay_sliced_demisemicircle, hangedman_ranch, st_stairs_4,
          uniq_maurice
D:12:     erik_orc_2, basic_altar
D:13:     serial_shops, bzr_entry_gold
D:14:     david_vaults_1, serial_undead, serial_undead_d, serial_undead_a,
          serial_undead_c, serial_undead_e, minmay_misc_feat_nine_boxes
D:15:     grunt_enter_depths_magical_seal, serial_shops, nicolae_shop_trees,
          serial_bayou_pond_e
Temple:   kilobyte_greek_temple
Lair:1:   grunt_megastairs_2
Lair:2:   uniq_harold, uniq_fannar, uniq_sonja
Lair:3:   minmay_shoals_entry_lonely_mermaid, uniq_snorg
Lair:4:   minmay_snake_entry_guardpost_medium, serial_bayou_lake_a
Lair:5:   slime_altar_1, beast_lair_carwin_4, serial_bayou_shore_b
Lair:6:   minmay_lair_end_frog_pond
Shoals:1: serial_shops, bzr_entry_customers
Shoals:2: lemuel_oklob_altar
Shoals:3: serial_shops, nicolae_shop_crystal, uniq_jorgrun, uniq_polyphemus
Shoals:4: shoals_end_simple, shoal_ilsuiw, ldierk_geyser
Snake:1:  st_stairs_7
Snake:2:  lemuel_altar_in_water2
Snake:3:  hangedman_snake_corridor_cut, minmay_shoptagon
Snake:4:  snake_hunt, statue_in_the_mist_lemuel, basic_stair_grate_trap,
          grunt_megastairs_4, lemuel_fruit_tree
Orc:1:    serial_shops, shop, shop, shop
Orc:2:    st_orc_mages, nicolae_volcano_entry_two_sided, basic_altar,
          mines2_lemuel
Elf:1:    serial_shops, nicolae_shop_behind_doors, evilmike_minifort,
          st_stairs_14
Elf:2:    serial_shops, shop
Elf:3:    minmay_elf_hall_furrowed, serial_shops, nicolae_shop_waterfront, shop,
          shop_fountains, shop, serial_sigils_hangedman_writhe
Vaults:1: grunt_vaults_bifocal, nicolae_vaults_little_squares_2,
          hangedman_vaults_nodes, st_diamondy, nicolae_vaults_three_branches,
          nicolae_vaults_little_squares_3, ontoclasm_vaults_ligature,
          nicolae_vaults_little_squares_5, nicolae_vaults_stairing_the_circle,
          nicolae_vaults_alarming, hangedman_vaults_maws,
          vaults_room_stairs_pillars, enter_trove_5
Vaults:2: v_alt_pattern_2, v_misc_30, hangedman_vaults_variations,
          nicolae_vaults_little_squares_3, v_alt_pattern_5,
          nicolae_vaults_hallways_thing, nicolae_vaults_shelves_hall,
          vaults_dpeg_hooks, nicolae_vaults_mini_display_case,
          nicolae_vaults_what_the_h, special_room_vaults, vaults_room_pool,
          nicolae_vaults_angled_halls
Vaults:3: minmay_crypt_entry_simple_plaza, nicolae_vaults_little_squares_6,
          special_room_vaults, vaults_dpeg_diagonal, ontoclasm_vaults_chip,
          vaults_room_large_hall, v_misc_5, vaults_room_hallway
Vaults:4: st_greater_box_2, nicolae_vaults_network_quinsquares,
          vaults_mumra_hexcomb, hangedman_vaults_river_flow,
          hangedman_vaults_trim, hangedman_vaults_hat, ontoclasm_vaults_pinch,
          v_misc_26, nicolae_vaults_little_squares_4,
          nicolae_vaults_diagonal_hallway_6, ontoclasm_vaults_gateway,
          v_misc_24, v_misc_17, uniq_xtahua
Depths:1: hell_entry, st_stairs_12, hangedman_decor_diamond_cutter,
          minmay_tree_intersection, minmay_misc_feat_square, spider_trap,
          brannock_guarded_unrand_thermic_engine, grunt_megastairs_3
Depths:2: spriggan_forest, hell_entry, serial_shops
Depths:3: hangedman_cross_cluster, hell_entry, rand_demon_pan_entry_1,
          nicolae_abyss_entry_one_way_or_another, serial_bayou_shore_b,
          uniq_mennas
Abyss:2:  hangedman_relentless_pull
Abyss:3:  hangedman_abyss_shoalhut, grunt_abyss_rune_forest_and_sorcery,
          bh_abyss_exit_spiral
Bazaar:   grunt_bazaar_doublecross, bazaar_minmay_generic_island
Volcano:  volcano_lake

Skill      XL: |  1  2  3  4  5  6  7  8  9 10 11 12 13 14 15 16 17 18 19 20 21 22 23 24 25 |
---------------+----------------------------------------------------------------------------+-----
Crossbows      | 5 6 7 8 9 10 12 14 17 18 19 20 21 22 23 25 26 | 26.0
Armour         | 4 5 6 8 10 11 13 14 16 17 18 19 20 21 | 21.0
Fighting       | 4 6 7 8 10 11 13 15 16 17 18 19 20 | 20.9
Dodging        | 4 6 7 9 11 12 13 14 15 | 15.8
Invocations    | 3 5 7 8 9 10 11 12 | 12.0
Evocations     | 3 4 6 8 10 | 10.0
Stealth        | |  0.8

Action                   |  1- 3 |  4- 6 |  7- 9 | 10-12 | 13-15 | 16-18 | 19-21 | 22-24 | 25-27 || total
-------------------------+-------+-------+-------+-------+-------+-------+-------+-------+-------++-------
Melee: Unarmed           |       |       |     5 |       |       |       |       |       |       ||     5
       Arbalest          |       |       |       |       |       |       |     1 |       |       ||     1
 Fire: Hand crossbow     |    69 |   216 |   346 |    34 |       |       |       |       |       ||   665
       Arbalest          |       |       |       |   358 |   845 |   972 |  1283 |   142 |     2 ||  3602
       Triple crossbow   |       |       |       |       |       |       |   182 |  1227 |    49 ||  1458
Invok: Heroism           |       |       |       |     4 |     1 |     1 |     4 |     3 |       ||    13
       Finesse           |       |       |       |       |     2 |     1 |     6 |     3 |     1 ||    13
Evoke: Wand              |       |       |     3 |     4 |    30 |       |     4 |    29 |       ||    70
  Use: Scroll            |       |     9 |     9 |    11 |    10 |    15 |    20 |    11 |       ||    85
       Potion            |       |     7 |     1 |       |       |       |     5 |     3 |       ||    16
  Eat: Chunk             |     1 |     7 |    11 |    17 |    23 |    14 |    26 |    29 |     1 ||   129
       Ration            |       |       |       |       |     1 |     3 |     1 |       |       ||     5
Armor: Leather armour    |    10 |    18 |    26 |    14 |       |       |       |       |       ||    68
       Skin              |       |     7 |       |       |       |       |       |       |       ||     7
       Troll leather arm |       |       |       |    14 |    18 |       |       |       |       ||    32
       Storm dragon scal |       |       |       |       |    71 |   140 |   327 |       |       ||   538
       Scale mail        |       |       |       |       |       |       |    22 |   248 |    18 ||   288
Dodge: Dodged            |    22 |    61 |   113 |   147 |   354 |   555 |   826 |   900 |    36 ||  3014
       Deflected         |       |       |       |       |       |    70 |    76 |    82 |     3 ||   231

Table legend:
 A = Spawn XP
 B = Non-spawn XP
 C = Spawn XP percentage of total XP
 D = Spawn monster count
 E = Non-spawn monster count
 F = Spawn count percentage of total count
 G = Total turns spent on level
                    A         B        C        D         E        F      G
               +---------+---------+-------+---------+---------+-------+---------
         Total |   17363 |  961671 |   1.8 |      41 |    1903 |   2.1 | 43604
               +---------+---------+-------+---------+---------+-------+---------
           D:1 |       0 |      43 |   0.0 |       0 |      27 |   0.0 |   680
           D:2 |       0 |      92 |   0.0 |       0 |      16 |   0.0 |   805
           D:3 |       0 |     153 |   0.0 |       0 |      24 |   0.0 |   961
           D:4 |       0 |     462 |   0.0 |       0 |      24 |   0.0 |  1345
           D:5 |       0 |     928 |   0.0 |       0 |      34 |   0.0 |  1136
           D:6 |       0 |     678 |   0.0 |       0 |      20 |   0.0 |   574
           D:7 |       0 |     790 |   0.0 |       0 |      15 |   0.0 |   477
           D:8 |       0 |    3170 |   0.0 |       0 |      25 |   0.0 |  1272
           D:9 |       0 |    1602 |   0.0 |       0 |      24 |   0.0 |   601
          D:10 |       0 |    2399 |   0.0 |       0 |      22 |   0.0 |   841
          D:11 |       0 |   18422 |   0.0 |       0 |      64 |   0.0 |  1315
          D:12 |       0 |    9120 |   0.0 |       0 |      53 |   0.0 |   855
          D:13 |       0 |   14562 |   0.0 |       0 |      56 |   0.0 |   916
          D:14 |       0 |   16455 |   0.0 |       0 |      38 |   0.0 |   718
          D:15 |       0 |   19191 |   0.0 |       0 |      38 |   0.0 |  1029
        Lair:1 |       0 |    3962 |   0.0 |       0 |      12 |   0.0 |   754
        Lair:2 |       0 |    9809 |   0.0 |       0 |      25 |   0.0 |   995
        Lair:3 |       0 |    6266 |   0.0 |       0 |      19 |   0.0 |   941
        Lair:4 |       0 |    3101 |   0.0 |       0 |      10 |   0.0 |   942
        Lair:5 |       0 |    7561 |   0.0 |       0 |      23 |   0.0 |   842
        Lair:6 |       0 |   20963 |   0.0 |       0 |      63 |   0.0 |  1233
      Shoals:1 |       0 |   14484 |   0.0 |       0 |      33 |   0.0 |   849
      Shoals:2 |       0 |   18180 |   0.0 |       0 |      32 |   0.0 |   860
      Shoals:3 |       0 |   20493 |   0.0 |       0 |      30 |   0.0 |   940
      Shoals:4 |       0 |   48066 |   0.0 |       0 |      81 |   0.0 |  1226
       Snake:1 |       0 |   14626 |   0.0 |       0 |      29 |   0.0 |   715
       Snake:2 |       0 |   26333 |   0.0 |       0 |      39 |   0.0 |  1182
       Snake:3 |       0 |   32533 |   0.0 |       0 |      60 |   0.0 |  1416
       Snake:4 |       0 |   74187 |   0.0 |       0 |     100 |   0.0 |  1361
         Orc:1 |       0 |    2569 |   0.0 |       0 |      16 |   0.0 |   377
         Orc:2 |       0 |    6787 |   0.0 |       0 |      56 |   0.0 |   836
         Elf:1 |       0 |   33838 |   0.0 |       0 |      55 |   0.0 |  1122
         Elf:2 |       0 |   44371 |   0.0 |       0 |      62 |   0.0 |  1670
         Elf:3 |       0 |   63153 |   0.0 |       0 |      51 |   0.0 |  1312
      Vaults:1 |       0 |   49412 |   0.0 |       0 |      80 |   0.0 |  1150
      Vaults:2 |       0 |   58699 |   0.0 |       0 |     111 |   0.0 |  1448
      Vaults:3 |       0 |   67378 |   0.0 |       0 |     105 |   0.0 |  1283
      Vaults:4 |       0 |   88646 |   0.0 |       0 |      97 |   0.0 |  2118
      Depths:1 |       0 |   64329 |   0.0 |       0 |      87 |   0.0 |  1030
      Depths:2 |       0 |   69438 |   0.0 |       0 |     115 |   0.0 |  2218
      Depths:3 |       0 |   18122 |   0.0 |       0 |      16 |   0.0 |   105
       Abyss:2 |   17363 |    2635 |  86.8 |      41 |       7 |  85.4 |   559
       Volcano |       0 |    3663 |   0.0 |       0 |       9 |   0.0 |   215
               +---------+---------+-------+---------+---------+-------+---------
